 Dungeon Crawl Stone Soup version 0.21.1-1-g345015f (webtiles) character file.

123 Fang the Skirmisher (level 5, -9/49 HPs)
             Began as a Gargoyle Berserker on May 21, 2018.
             Was a Believer of Trog.
             Splashed by Ijyb's acid (11 damage)
             ... on level 3 of the Dungeon.
             The game lasted 00:02:50 (1605 turns).

Fang the Skirmisher (Gargoyle Berserker)            Turns: 1605, Time: 00:02:51

Health: -9/49      AC:  2    Str: 32    XL:     5   Next: 7%
Magic:  5/5        EV: 12    Int:  7    God:    Trog [**....]
Gold:   147        SH:  0    Dex:  9    Spells: 4/4 levels left

rFire    . . .     SeeInvis .   a - +0 hand axe
rCold    . . .     Gourm    .   (no shield)
rNeg     + . .     Faith    .   b - +0 animal skin
rPois    ∞         Spirit   .   (no helmet)
rElec    +         Reflect  .   (no cloak)
rCorr    .         Harm     .   (no gloves)
MR       .....                  (no boots)
Stlth    ..........             e - amulet of regeneration
HPRegen  0.56/turn              l - +5 ring of strength
MPRegen  0.09/turn              (no ring)

@: berserking, corroded, very quick
A: negative energy resistance 1, electricity resistance, unbreathing,
petrification resistance, rot immunity, AC +4
a: Berserk, Trog's Hand, Burn Spellbooks, Renounce Religion


You were on level 3 of the Dungeon.
You worshipped Trog.
Trog was pleased with you.
You were very hungry.

You visited 1 branch of the dungeon, and saw 3 of its levels.

You collected 147 gold pieces.

Inventory:

Hand Weapons
 a - a +0 hand axe (weapon)
Armour
 b - a +0 animal skin (worn)
Jewellery
 e - an amulet of regeneration (around neck)
 l - a +5 ring of strength (left hand)
Scrolls
 f - 5 scrolls of teleportation {unknown}
 h - 5 scrolls of identify {unknown}
 j - 2 scrolls of remove curse {unknown}
 n - a scroll of magic mapping {unknown}
 p - a scroll of immolation {unknown}
Potions
 d - a potion of brilliance {unknown}
 g - 2 potions of curing {unknown}
 i - a potion of berserk rage {unknown}
 k - a potion of ambrosia {unknown}
 m - 2 potions of invisibility {unknown}
 o - a potion of degeneration {unknown}
Comestibles
 c - a ration


   Skills:
 + Level 4.3 Fighting
 + Level 3.9 Axes
 + Level 2.4 Armour
 + Level 2.2 Dodging
 + Level 0.8 Stealth


You had 4 spell levels left.
You didn't know any spells.

Dungeon Overview and Level Annotations

Branches:
Dungeon (3/15)

Altars:
Gozag

Annotations:
D:3 Ijyb


Innate Abilities, Weirdness & Mutations

You are resistant to torment.
Your stone body is resilient. (AC +4)
You are immune to poison.
You resist negative energy. (rN+)
You are resistant to electric shocks. (rElec)
You can survive without breathing.
You are immune to petrification.
You are immune to rotting.


Message History

You are feeling very hungry.
Ijyb closely misses you. The howler monkey hits you.
You barely miss the howler monkey.
The howler monkey is heavily wounded.
You slash Ijyb! The howler monkey hits you. Ijyb hits you but does no damage.
Unknown command.
You slash the howler monkey!
You kill the howler monkey!
Trog accepts your kill.
You have reached level 5!
You barely miss Ijyb. You slash the orc!
You kill the orc!
Trog accepts your kill.
You slash Ijyb! Ijyb hits you with a dagger.
Unknown command.
Ijyb zaps a wand.
The bolt of acid hits you!
* * * LOW HITPOINT WARNING * * *
The acid corrodes you!
You are splashed with acid!
The acid burns!
You die...

#### ######## ...
#......# #.. #.####.#
..###.. #.####.## ##
....... #.#.....# #.
....#..## #.#.##..# #.
......g@# #.#.##..# #.
.....##.# #.......###.
##. #.### ###.###.##..
#...# #.# #>.... #$$$#
##.# ####.# ...##$_.##
#..# ###.
.....$$..###.######...
..........#.......#...
.............####.....


You could see Ijyb.

Vanquished Creatures
  A howler monkey (D:3)
  5 adders
  A worm (D:2)
  An orc (D:3)
  5 giant cockroaches
  8 goblins
  4 hobgoblins
  3 kobolds (D:1)
  4 bats
  2 rats (D:1)
34 creatures vanquished.

Notes
Turn   | Place    | Note
-------+----------+-------------------------------------------
     0 | D:1      | Fang the Gargoyle Berserker began the quest for the Orb.
     0 | D:1      | Reached XP level 1. HP: 14/14 MP: 1/1
   131 | D:1      | Reached XP level 2. HP: 16/19 MP: 2/2
   644 | D:2      | Reached XP level 3. HP: 24/24 MP: 3/3
   729 | D:2      | Reached ** piety under Trog
  1036 | D:2      | Reached XP level 4. HP: 19/29 MP: 4/4
  1450 | D:2      | Reached skill level 4 in Fighting
  1581 | D:3      | Found an opulent altar of Gozag.
  1595 | D:3      | Noticed Ijyb
  1603 | D:3      | Reached XP level 5. HP: 15/33 MP: 5/5
  1605 | D:3      | HP: 2/49 [Ijyb/wand of acid (10) (13)]
  1605 | D:3      | Splashed by Ijyb's acid

Skill      XL: |  1  2  3  4 |
---------------+-------------+-----
Axes           | 3 |  3.9
Dodging        | 2 |  2.2
Fighting       | 4 |  4.3
Armour         | |  2.4
Stealth        | |  0.8

Action                   |  1- 3 |  4- 6 || total
-------------------------+-------+-------++-------
Melee: Hand axe          |   111 |    34 ||   145
Invok: Berserk           |       |     1 ||     1
  Eat: Chunk             |       |     2 ||     2
Armor: Animal skin       |    40 |    12 ||    52
Dodge: Dodged            |    69 |    27 ||    96
